 Dungeon Crawl Stone Soup version 0.31.0-32-g396128a36d (webtiles) character file.

Game seed: 9167294772860779171

1289 spaghetti the Purveyor of Pain (level 8, -3/93 HPs)
             Began as a Naga Necromancer on Mar 9, 2024.
             Was an Initiate of Kikubaaqudgha.
             Slain by Menkaure (15 damage)
             ... on level 6 of the Dungeon.
             The game lasted 00:11:35 (5122 turns).

spaghetti the Purveyor of Pain (Naga Necromancer)   Turns: 5122, Time: 00:11:36

Health: -3/93      AC: 24    Str: 11    XL:     8   Next: 55%
Magic:  16/16      EV:  1    Int: 17    God:    Kikubaaqudgha [......]
Gold:   215        SH:  0    Dex: 12    Spells: 10/18 levels left

rFire   . . .        g - staff of death
rCold   . . .        (no shield)
rNeg    + . .        n - melded +2 robe {rC+ rF+}
rPois   +            (helmet currently unavailable)
rElec   .            k - melded +1 cloak
rCorr   .            (gloves currently unavailable)
SInv    +            (no barding)
Will    +....        (no amulet)
Stlth   ++           (no ring)
HPRegen 0.35/turn    (no ring)
MPRegen 0.15/turn

%: no passive effects
@: short of breath, tree-form, animating dead, invisible
A: stationary, stasis, torment immunity, boosted hp, AC +2, large, see
invisible, (deformed body), (poison resistance), (slowness 2), spit poison 2,
(naga tail 1), subdued magic 1, MP-powered wands
a: Breathe Poison Gas, Renounce Religion


You were on level 6 of the Dungeon.
You worshipped Kikubaaqudgha.
Kikubaaqudgha was noncommittal.
You were a tree.
You visited 2 branches of the dungeon, and saw 7 of its levels.

You collected 215 gold pieces.

Inventory:

Hand Weapons
 d - a +1 dagger of draining
 j - a +4 quarterstaff of chaos
 p - a +0 hand cannon
Armour
 a - a +0 robe
 k - a +1 cloak (melded)
 n - a +2 robe of resistance (melded)
Magical Staves
 g - a staff of death (weapon)
Jewellery
 h - an amulet of reflection
Wands
 x - a wand of digging (7)
Scrolls
 c - 3 scrolls of teleportation
 e - 3 scrolls of immolation
 m - a scroll of vulnerability
 q - a scroll of poison
 r - a scroll of blinking
Potions
 b - 2 potions of magic
 i - 2 potions of curing
 l - a potion of enlightenment
 o - a potion of mutation
 s - a potion of degeneration
 v - a potion of invisibility


   Skills:
 - Level 1.5 Dodging
 - Level 3.0 Stealth
 + Level 5.5 Spellcasting
 + Level 9.3 Necromancy


You had 10 spell levels left.
You knew the following spells:

 Your Spells              Type           Power      Damage    Failure   Level
a - Necrotise             Necr           100%       1d9       1%          1
b - Vampiric Draining     Necr           42%        2d9       1%          3
c - Animate Dead          Necr           42%        N/A       2%          4

Your spell library contained the following spells:

 Spells                   Type           Power      Damage    Failure   Level
 Sublimation of Blood     Necr           42%        N/A       1%          2
 Curse of Agony           Necr           42%        N/A       7%          5
 Slow                     Hex            12%        N/A       12%         1
 Confusing Touch          Hex            3%         N/A       34%         3
 Sigil of Binding         Hex            3%         N/A       34%         3
 Petrify                  Alch/Erth      3%         N/A       77%         4
 Irradiate                Conj/Alch      1%         3d12      98%         5
 Sculpt Simulacrum        Ice/Alch       1%         N/A       100%        6
 Ozocubu's Refrigeration  Ice            1%         4d7       100%        7
 Polar Vortex             Ice            1%         N/A       100%        9


Dungeon Overview and Level Annotations

Branches:
Dungeon (6/15)             Temple (1/1) D:4

Altars:
Ashenzari
Cheibriados
Dithmenos
Elyvilon
Fedhas
Gozag
Kikubaaqudgha
Makhleb
Nemelex Xobeh
Okawaru
Ru
Sif Muna
Trog
Uskayaw
Vehumet
Wu Jian
Xom
Yredelemnul
Zin

Annotations:
D:6 Menkaure


Innate Abilities, Weirdness & Mutations

You are a tree.
Your roots penetrate the ground, keeping you stationary.
You cannot be teleported.
You are immune to unholy pain and torment.
Your maximum health is greatly increased.
Your equipment is partially melded.
((Your serpentine skin is tough. (AC +2)))
You have supernaturally acute eyesight. (SInv)
((Armour fits poorly on your strangely shaped body.))
((Your system is resistant to poisons. (rPois)))
((You cover ground very slowly.))
You can exhale a cloud of poison.
((You have a snake-like lower body.))
Your spells are a little easier to cast, but a little less powerful.
You expend magic power (3 MP) to strengthen your wands.


Message History

Your +2 robe of resistance melds into your body.
You feel hot and cold all over.
Your roots penetrate the ground.
Menkaure hits you.
* * * LOW HITPOINT WARNING * * *
The orc priest barely misses your orc priest zombie.
Your orc priest zombie hits Menkaure.
Unknown command.
Unknown command.
You hit Menkaure.
Menkaure is almost destroyed.
You have got your breath back.
Menkaure completely misses you.
The orc priest hits your orc priest zombie with a +0 club.
Your orc priest zombie hits Menkaure but does no damage.
You hit Menkaure but do no damage.
Menkaure is almost destroyed.
Menkaure hits you but does no damage.
The orc priest completely misses your orc priest zombie.
Menkaure hits you.
* * * LOW HITPOINT WARNING * * *
Your orc priest zombie hits Menkaure but does no damage.
Unknown command.
Aiming: Breathe Poison Gas (4% risk of failure)
Press: ? - help, Shift-Dir - straight line, f - orc priest
Aim: an orc priest, wielding a +0 club and wearing a +0 ring mail (unable to see you, 65% to hit)
You exhale a blast of poison gas.
The poison gas engulfs Menkaure.
Menkaure completely resists.
Menkaure is almost destroyed.
The orc priest is engulfed in poison gas.
The orc priest is poisoned.
The orc priest hits your orc priest zombie with a +0 club.
Menkaure hits you but does no damage.
Unknown command.
Unknown command.
Unknown command.
You closely miss Menkaure.
Menkaure is almost destroyed.
Menkaure hits you!
You die...
Kikubaaqudgha rasps: "You have failed me!
Welcome... death!"

.!
#####...#
#<.......
#☼###...#
#○# # #♣#
#M# #Z#
§☼o #.#
#.# #.#
#.#


You could see Menkaure (fast, ally target), an orc priest (unable to see you,
poisoned) and a friendly orc priest zombie.

Vanquished Creatures
  Pikel (D:4)
  Edmund (D:4)
  4 lemures (D:4)
  A phantom (D:5)
  3 scorpions
  2 hounds (D:5)
  Crazy Yiuf (D:2)
  2 bombardier beetles (D:3)
  2 orc priests
  Terence (D:3)
  Robin (D:2)
  6 gnolls
  6 adders
  A river rat (D:4)
  A white imp (D:5)
  A ribbon worm (D:3)
  11 orcs
  6 bats
  4 endoplasms
  5 giant cockroaches
  16 goblins
  8 hobgoblins
  5 kobolds
  6 quokkas
  4 ball pythons
  2 frilled lizards
  6 rats
107 creatures vanquished.

Vanquished Creatures (collateral kills)
  A sleepcap (D:5)
  A dart slug (D:1)
  A giant cockroach (D:4)
  A goblin (D:1)
  A ball python (D:1)
5 creatures vanquished.

Vanquished Creatures (others)
  A scorpion zombie (D:4)
  A hound zombie (D:5)
  A river rat zombie (D:4)
  A ball python zombie (D:4)
  An endoplasm zombie (D:4)
  A giant cockroach zombie (D:4)
  2 orc zombies (D:6)
8 creatures vanquished.

Grand Total: 120 creatures vanquished

Notes
Turn   | Place    | Note
-------+----------+-------------------------------------------
     0 | D:1      | spaghetti the Naga Necromancer began the quest for the Orb.
     0 | D:1      | Reached XP level 1. HP: 15/15 MP: 3/3
   204 | D:1      | Reached XP level 2. HP: 22/22 MP: 1/5
   280 | D:1      | Found a faded altar of an unknown god.
   553 | D:1      | Reached XP level 3. HP: 15/28 MP: 1/6
   557 | D:1      | Learned a level 3 spell: Vampiric Draining
   679 | D:1      | Gained mutation: You can exhale a cloud of poison. [potion
                  | of mutation]
   679 | D:1      | Gained mutation: Your spells are a little easier to cast,
                  | but a little less powerful. [potion of mutation]
   679 | D:1      | Gained mutation: You expend magic power (3 MP) to
                  | strengthen your wands. [potion of mutation]
   836 | D:2      | Reached skill level 5 in Necromancy
   902 | D:2      | Noticed Robin
   927 | D:2      | Killed Robin
   928 | D:2      | Reached XP level 4. HP: 28/36 MP: 1/7
  1266 | D:2      | Found a shimmering blue altar of Sif Muna.
  1441 | D:2      | Reached skill level 6 in Necromancy
  1538 | D:2      | Found a runed translucent door.
  1539 | D:2      | Noticed Crazy Yiuf
  1641 | D:2      | Reached XP level 5. HP: 14/42 MP: 0/8
  2064 | D:2      | Killed Crazy Yiuf
  2362 | D:3      | Learned a level 4 spell: Animate Dead
  2522 | D:3      | Noticed Terence
  2526 | D:3      | Killed Terence
  2527 | D:3      | Reached skill level 7 in Necromancy
  2527 | D:3      | Reached XP level 6. HP: 41/49 MP: 4/9
  3126 | D:4      | Noticed Edmund
  3133 | D:4      | Killed Edmund
  3200 | D:4      | Found a white marble altar of Elyvilon.
  3297 | D:4      | Found a glowing drain.
  3315 | D:4      | Reached XP level 7. HP: 27/55 MP: 9/11
  3469 | D:4      | Found a shimmering blue altar of Sif Muna.
  3589 | D:4      | Found an opulent altar of Gozag.
  3603 | D:4      | Reached skill level 8 in Necromancy
  3668 | D:4      | Found a staircase to the Ecumenical Temple.
  3855 | D:4      | Found a broken altar of Ashenzari.
  3955 | D:4      | Found a bloodstained altar of Trog.
  4060 | D:4      | Noticed Pikel
  4082 | D:4      | Killed Pikel
  4083 | D:4      | Reached XP level 8. HP: 62/62 MP: 12/15
  4173 | Temple   | Entered the Ecumenical Temple
  4196 | Temple   | Became a worshipper of Kikubaaqudgha
  4311 | D:5      | Entered Level 5 of the Dungeon
  4319 | D:5      | Reached skill level 5 in Spellcasting
  4454 | D:5      | Reached skill level 9 in Necromancy
  4552 | D:5      | Identified a scroll of acquirement
  4552 | D:5      | Acquired a staff of death
  5103 | D:6      | Noticed Menkaure
  5122 | D:6      | Slain by Menkaure

Illustrated notes

Levels and vault maps discovered:
D:1:      ncdulo_halloftheorcs, layout_basic, hellmonk_ecumenical_altar_blasted
D:2:      layout_loops_cross, basic_altar, uniq_robin, uniq_crazy_yiuf_cottage
D:3:      layout_loops_corners, uniq_terence
D:4:      layout_cave_pods, mainiacjoe_overflow_surrounded_room,
          mainiacjoe_overflow_swirl, mainiacjoe_overflow_catwalk,
          elyvilon_altar_4, minmay_temple_entry_mini_moons,
          portal_sewer_entry_a, uniq_edmund, uniq_pikel
D:5:      layout_gridville, minmay_crystal_room, corexii_hall_statues_l
D:6:      layout_loops_ring, serial_shops, shop, uniq_menkaure
Temple:   minmay_temple_curvy_branch

Skill      XL: |  1  2  3  4  5  6  7  8 |
---------------+-------------------------+-----
Necromancy     | 5 6 7 8 9 |  9.3
Spellcasting   | 3 4 5 |  5.5
Dodging        | |  1.5
Stealth        | |  3.0

Action                     |  1- 3 |  4- 6 |  7- 9 || total
---------------------------+-------+-------+-------++-------
  Melee: Unarmed           |    14 |    16 |       ||    30
         Staff             |       |       |    23 ||    23
         Punch             |       |       |     1 ||     1
   Fire: Hand cannon       |       |    12 |    56 ||    68
   Cast: Necrotise         |    34 |    28 |     2 ||    64
         Vampiric Draining |       |     4 |       ||     4
         Animate Dead      |       |     4 |     2 ||     6
Ability: Spit Poison       |     4 |       |       ||     4
         Breathe Poison Ga |     5 |    26 |    14 ||    45
    Use: Potion            |     1 |     1 |     6 ||     8
         Scroll            |       |     1 |     9 ||    10
 Armour: Robe              |    25 |    40 |    56 ||   121
         Skin              |       |       |     5 ||     5
  Dodge: Dodged            |    13 |    22 |    27 ||    62
